Map: Coda LE (Void)

Players

Bop - Winner!

  • Race: Zerg Zerg

Gemic

  • Race: Zerg Zerg

VOD

Have the link to the VOD?

Description

Time

  • Played on: May 6, 2015, 5:34 a.m.
  • Length: 4:11
Show
View Real Time Build Order
Export as new Build Order

Bop Zerg - Winner!

Build Orders: Hatch First 

Get SALT Encoding   

  12  0:00  Drone  
  13  0:12  Overlord  
  13  0:20  Drone  
  14  0:31  Drone x2  
  14  0:35  Drone  
  17  0:45  Drone  
  18  0:57  Hatchery  
  18  1:02  Drone  
  18  1:04  Extractor  
  18  1:08  Drone  
  18  1:22  Spawning Pool  
  18  1:23  Drone  
  18  1:30  Drone  
  19  1:42  Overlord  
  19  2:09  Queen x2  
  19  2:10  Zergling x2  
  19  2:11  Zergling x4  
  19  2:12  Metabolic Boost  
  26  2:20  Zergling x4  
  28  2:26  Baneling Nest  
  27  2:43  Zergling x6  
  27  2:44  Zergling x4  
  30  3:03  Zergling x2  
  30  3:04  Zergling x4  
  33  3:06  Overlord  
  31  3:20  Zergling x4  
  31  3:21  Zergling x6  
  34  3:28  Baneling x4  
  34  3:31  Zergling x2  
  33  3:42  Zergling x2  
  33  3:43  Zergling x4  
Show
View Real Time Build Order
Export as new Build Order

Gemic Zerg 

Build Orders: Pool First 

Get SALT Encoding   

  12  0:08  Overlord  
  12  0:15  Drone  
  12  0:20  Drone  
  14  0:28  Drone  
  15  0:35  Drone  
  16  0:41  Drone  
  17  0:47  Spawning Pool  
  16  0:55  Drone  
  17  1:12  Hatchery  
  17  1:16  Drone  
  17  1:21  Drone  
  18  1:35  Zergling x2, Queen  
  18  1:36  Zergling x2  
  22  1:45  Overlord  
  22  2:04  Drone  
  23  2:08  Drone  
  23  2:13  Queen  
  26  2:17  Overlord  
  26  2:26  Drone  
  27  2:38  Drone x2  
  27  2:41  Spine Crawler  
  29  2:44  Drone x2  
  29  2:51  Queen  
  30  2:53  Drone x4  
  36  2:59  Drone  
  36  3:03  Overlord  
  37  3:08  Drone  
  38  3:15  Zergling x2, Extractor x2  
  37  3:27  Spine Crawler  
  36  3:48  Spine Crawler  
  35  3:53  Zergling x12  
Tags
 
Add a new tag
Caveats
  • Supply blocks, unpowered buildings, or Contaminate may cause inaccurate times.
  • Supply counts are checked every 10 seconds.